 Dungeon Crawl Stone Soup version 0.18-a0-824-g47fe746 (webtiles) character file.

27 JokEr the Insei (level 3, -1/24 HPs)
             Began as an Octopode Transmuter on Dec 17, 2015.
             Shot with a stone by a goblin (5 damage)
             ... on level 2 of the Dungeon.
             The game lasted 00:01:04 (1283 turns).

JokEr the Insei (Octopode Transmuter)               Turns: 1283, Time: 00:01:05

Health: -1/24      AC:  1    Str:  9    XL:     3   Next: 10%
Magic:  5/6        EV: 12    Int: 16    God:
Gold:   76         SH:  0    Dex: 12    Spells: 1 memorised, 5 levels left

rFire  . . .     SeeInvis .       - Unarmed
rCold  . . .     Gourm    .     (no shield)
rNeg   . . .     Faith    .     (helmet restricted)
rPois  .         Spirit   .     (no amulet)
rElec  .         Dismiss  .     (no ring)
rCorr  .         Reflect  .     (no ring)
SustAt .         Harm     .     (no ring)
MR     .....                    (no ring)
Stlth  ++........               (no ring)
                                (no ring)
                                (no ring)
                                (no ring)

@: appendage (expiring), not resistant to hostile enchantments, unstealthy
A: almost no armour, amphibious, 8 rings, constrict 8, tentacle spike 3,
camouflage 1, gelatinous body 1
a: End Transformation


You were on level 2 of the Dungeon.
You were not hungry.
One of your tentacles had a temporary spike.
You visited 1 branch of the dungeon, and saw 2 of its levels.

You collected 76 gold pieces.

Inventory:

Missiles
 a - 36 arrows
Scrolls
 d - 2 scrolls of magic mapping
Potions
 g - a potion of curing {unknown}
 h - a potion of lignification {unknown}
Books
 b - a book of Changes

   Spells                             Type                      Level
   a - Beastly Appendage              Transmutation                1
   b - Sticks to Snakes               Transmutation                2
   c - Spider Form                    Transmutation/Poison         3
   d - Ice Form                       Ice/Transmutation            4
   e - Blade Hands                    Transmutation                5
Comestibles
 c - 2 bread rations
 f - a royal jelly
 i - a meat ration


   Skills:
 + Level 2.0 Fighting
 - Level 2.0 Dodging
 + Level 3.4 Unarmed Combat
 - Level 2.0 Spellcasting
 + Level 2.3 Transmutations


You had 5 spell levels left.
You knew the following spells:

 Your Spells              Type           Power        Failure   Level  Hunger
a - Beastly Appendage     Trmt           #.....       10%         1    #......


Dungeon Overview and Level Annotations

Branches:
Dungeon (2/15)

Altars:


Innate Abilities, Weirdness & Mutations

You cannot wear most types of armour.
You are amphibious.
You can wear up to eight rings at the same time.
You can use your tentacles to constrict eight enemies at once.
Your skin changes colour to match your surroundings (Stealth).
Your rubbery body absorbs attacks (AC +1).
One of your tentacles bears a large vicious spike.


Message History

You have reached level 3!
Your experience leads to an increase in your attributes!
Increase (S)trength, (I)ntelligence, or (D)exterity?
You feel clever.
The goblin shoots a stone.
The stone hits you.
You closely miss the goblin. You grab the goblin. You constrict the goblin.
The goblin hits you.
* * * LOW HITPOINT WARNING * * *
You tentacle-slap the goblin but do no damage.
You pierce the goblin.
Your squeeze misses the goblin.
The goblin is heavily wounded.
You constrict the goblin. The goblin misses you.
You barely miss the goblin.
The goblin is severely wounded.
You constrict the goblin. The goblin hits you.
* * * LOW HITPOINT WARNING * * *
You tentacle-slap the goblin.
You kill the goblin!
The goblin shoots a stone.
The stone hits you.
You die...

###### #....# ###.##.#
#....#.# #######
#.##...#########.......
#.(.....>.....@(g......
#..#.....#######.......
#..#.[.#..# .......
#..#...#..# .......
###..##..#..# g......
...)........# .######
.#########.## .# .#
#... .. .###### #####


You could see a goblin.

Vanquished Creatures
  An adder (D:2)
  2 giant geckos (D:1)
  6 goblins
  A hobgoblin (D:1)
  A bat (D:1)
  A giant newt (D:1)
  A kobold (D:2)
  3 rats
16 creatures vanquished.

Notes
Turn   | Place    | Note
--------------------------------------------------------------
     0 | D:1      | JokEr the Octopode Transmuter began the quest for the Orb.
     0 | D:1      | Reached XP level 1. HP: 13/13 MP: 3/3
   456 | D:1      | Reached XP level 2. HP: 18/18 MP: 5/5
  1279 | D:2      | Reached XP level 3. HP: 12/24 MP: 4/6
  1283 | D:2      | Shot with a stone by a goblin

Vault maps used:
D:1:      kilobyte_arrival_exit_the_forest

Action                   || total
-------------------------++-------
Melee: Unarmed           ||    38
 Cast: Beastly Appendage ||     1
  Use: Scroll            ||     3
 Stab: Sleeping          ||     5
  Eat: Chunk             ||     1
